Map: [ESL] Moondance

Players

ButAlways

  • Race: Protoss Protoss
  • Spawn Location: 6:00

Nice - Winner!

  • Race: Protoss Protoss
  • Spawn Location: 12:00

Event: DreamHack SC2 Masters 2022 Atlanta (Online)

VOD

Have the link to the VOD?

Description

Time

  • Played on: Sept. 28, 2022, 8:07 a.m.
  • Length: 9:53

All games in this series

Show
View Real Time Build Order
Export as new Build Order

ButAlways Protoss 

Build Orders:  

Get SALT Encoding   

  12  0:00  Probe  
  13  0:12  Probe  
  14  0:17  Pylon  
  14  0:24  Probe (Chrono Boost)  
  15  0:36  Probe (Chrono Boost)  
  15  0:38  Gateway  
  16  0:44  Probe (Chrono Boost)  
  16  0:45  Assimilator  
  17  0:51  Probe  
  17  0:54  Assimilator  
  18  1:03  Probe (Chrono Boost)  
  19  1:07  Gateway  
  20  1:12  Probe (Chrono Boost)  
  20  1:17  Probe (Chrono Boost)  
  20  1:25  Cybernetics Core  
  21  1:29  Probe  
  22  1:39  Pylon  
  22  1:41  Probe  
  24  2:01  Stalker  
  24  2:02  Warp Gate, Stalker  
  27  2:09  Robotics Facility  
  27  2:20  Gateway  
  27  2:32  Stalker  
  27  2:33  Stalker  
  31  2:40  Pylon  
  31  2:57  Immortal (Chrono Boost)  
  33  3:18  Pylon  
  33  3:25  Warp Prism (Chrono Boost)  
  35  3:27  Pylon  
  32  3:51  Stalker x3  
  40  4:15  Observer (Chrono Boost), Sentry  
  40  4:16  Stalker x2  
  43  4:18  Pylon  
  43  4:40  Stalker  
  43  4:41  Stalker  
  47  4:59  Sentry  
  47  5:01  Pylon  
  47  5:02  Pylon  
  47  5:06  Stalker  
  45  5:16  Pylon  
  45  5:20  Immortal  
  49  5:26  Stalker  
  51  5:34  Pylon  
  51  5:36  Observer  
  51  5:51  Stalker x2  
  59  6:07  Phoenix, Observer  
  59  6:21  Warp Prism (Chrono Boost)  
  49  6:30  Twilight Council  
  48  6:45  Nexus  
  49  7:01  Blink (Chrono Boost)  
  47  7:11  Stalker x2  
  47  7:15  Gateway  
  50  7:38  Stalker x2  
  54  7:58  Probe x2, Pylon  
  56  8:06  Stalker x2  
  56  8:11  Stalker  
  54  8:28  Gateway  
  54  8:30  Stalker  
  56  8:36  Stalker  
  58  8:44  Stalker  
  60  8:56  Stalker  
  60  9:18  Stalker x2  
  56  9:30  Stalker x2  
Show
View Real Time Build Order
Export as new Build Order

Nice Protoss - Winner!

Build Orders:  

Get SALT Encoding   

  12  0:00  Probe  
  13  0:12  Probe  
  14  0:17  Pylon  
  14  0:24  Probe (Chrono Boost)  
  16  0:37  Probe (Chrono Boost), Gateway  
  16  0:41  Probe (Chrono Boost)  
  16  0:45  Assimilator  
  17  0:52  Probe  
  18  0:58  Assimilator  
  18  1:04  Probe (Chrono Boost)  
  18  1:10  Gateway  
  19  1:17  Probe (Chrono Boost)  
  20  1:22  Probe (Chrono Boost)  
  21  1:28  Cybernetics Core  
  21  1:31  Probe  
  22  1:38  Pylon  
  22  1:43  Probe  
  23  1:57  Probe  
  24  2:01  Warp Gate (Chrono Boost)  
  24  2:04  Stalker x2  
  28  2:15  Pylon  
  28  2:33  Gateway, Stalker  
  28  2:34  Stalker  
  31  3:03  Stalker  
  31  3:04  Stalker  
  31  3:28  Robotics Facility  
  31  3:39  Shield Battery  
  31  3:43  Stalker x3  
  33  3:58  Pylon  
  33  4:06  Sentry  
  33  4:07  Sentry  
  33  4:09  Stalker  
  39  4:12  Warp Prism (Chrono Boost)  
  39  4:15  Pylon  
  41  4:42  Zealot  
  41  4:43  Stalker x2  
  45  4:58  Shield Battery  
  40  5:11  Pylon  
  40  5:24  Gateway  
  38  5:29  Immortal  
  40  5:37  Robotics Bay  
  40  5:57  Stalker x2  
  40  5:59  Pylon  
  44  6:08  Observer (Chrono Boost)  
  45  6:12  Pylon  
  45  6:26  Disruptor (Chrono Boost)  
  45  6:28  Probe  
  49  6:46  Observer  
  49  6:48  Gravitic Drive  
  48  6:59  Cybernetics Core  
  48  7:05  Zealot x3  
  48  7:06  Disruptor (Chrono Boost)  
  57  7:10  Observer  
  57  7:14  Pylon  
  57  7:38  Disruptor (Chrono Boost)  
  60  7:45  Probe  
  60  7:48  Nexus  
  61  7:52  Pylon  
  61  8:11  Immortal  
  65  8:26  Probe  
  66  8:27  Shield Battery  
  66  8:29  Pylon  
  66  8:38  Probe  
  67  8:47  Twilight Council  
  67  8:50  Probe  
  68  9:19  Zealot x3  
Tags
 
Add a new tag
Caveats
  • Supply blocks, unpowered buildings, or Contaminate may cause inaccurate times.
  • Supply counts are checked every 10 seconds.